 Dungeon Crawl Stone Soup version 0.19.4-9-g45fd643 (webtiles) character file.

8383 Kook the Thaumaturge (level 11, 0/76 HPs)
             Began as a High Elf Fire Elementalist on Feb 17, 2017.
             Was a Priest of Sif Muna.
             Slain by a wolf (6 damage)
             ... on level 1 of the Lair of Beasts.
             The game lasted 00:56:10 (13706 turns).

Kook the Thaumaturge (High Elf Fire Elementalist)  Turns: 13706, Time: 00:56:11

Health: 0/76       AC:  7    Str:  7    XL:     11   Next: 9%
Magic:  0/25       EV: 14    Int: 22    God:    Sif Muna [***...]
Gold:   457        SH:  0    Dex: 17    Spells: 5 memorised, 13 levels left

rFire  . . .     SeeInvis .     G - -1 falchion (curse)
rCold  + . .     Gourm    .     D - +0 leather armour
rNeg   + . .     Faith    .     (no shield)
rPois  +         Spirit   .     m - +1 helmet
rElec  +         Reflect  .     O - +0 cloak
rCorr  +         Harm     +     (no gloves)
MR     +....     Rnd*Tele +     x - +0 pair of boots
Stlth  ++........               F - amulet of harm
                                z - ring of teleportation (curse)
                                N - ring "Viober" {rCorr rElec rPois rC+ rN+}

@: no status effects
A: no striking features
a: Divine Energy, Channel Magic, Renounce Religion


You were on level 1 of the Lair of Beasts.
You worshipped Sif Muna.
Sif Muna was most pleased with you.
You were very hungry.

You visited 3 branches of the dungeon, and saw 11 of its levels.

You collected 457 gold pieces.

Inventory:

Hand Weapons
 n - a +0 vampiric dagger
 q - a +2 short sword of venom
 G - a cursed -1 falchion (weapon)
 I - a +0 long sword
 M - a +0 long sword
 X - a +1 dagger of holy wrath
Armour
 m - a +1 helmet (worn)
 x - a +0 pair of boots (worn)
 D - a +0 leather armour (worn)
 O - a +0 cloak (worn)
Jewellery
 k - an uncursed ring of flight
 z - a cursed ring of teleportation (right hand)
 F - an amulet of harm (around neck)
 N - the ring "Viober" (left hand) {rCorr rElec rPois rC+ rN+}
   (You found it on level 8 of the Dungeon)

   [ring of resist corrosion]

   It protects you from cold.
   It insulates you from electricity.
   It protects you from poison.
   It protects you from negative energy.
 U - an uncursed amulet of guardian spirit {unknown}
Wands
 y - a wand of disintegration (9/24)
 L - a wand of lightning (9/15)
 P - a wand of random effects (22/48)
 Q - a wand of lightning (3/15)
Scrolls
 a - 2 scrolls of noise {unknown}
 d - a scroll of immolation
 f - a scroll of recharging {unknown}
 g - 2 scrolls of fog
 l - 3 scrolls of blinking
 o - 2 scrolls of teleportation
 r - 4 scrolls of magic mapping
 s - a scroll of enchant weapon {unknown}
 E - 3 scrolls of enchant armour
 H - 2 scrolls of remove curse {unknown}
 K - a scroll of amnesia {unknown}
 S - a scroll of random uselessness {unknown}
 T - 3 scrolls of identify
 V - 2 scrolls of summoning {unknown}
Potions
 e - 2 potions of invisibility
 h - 4 potions of might
 j - 2 potions of mutation
 p - 2 potions of lignification
 t - 2 potions of ambrosia
 u - 4 potions of curing
 v - a potion of flight
 w - a potion of beneficial mutation
 C - a potion of haste {unknown}
 R - 2 potions of agility {unknown}
Books
 b - a book of Flames

   Spells                             Type                      Level
   a - Flame Tongue                   Conjuration/Fire             1
   b - Throw Flame                    Conjuration/Fire             2
   c - Conjure Flame                  Conjuration/Fire             3
   d - Inner Flame                    Hexes/Fire                   3
   e - Sticky Flame                   Conjuration/Fire             4
   f - Fireball                       Conjuration/Fire             5
 W - a book of Battle

   Spells                             Type                      Level
   a - Infusion                       Charms                       1
   b - Shroud of Golubria             Charms/Translocation         2
   c - Song of Slaying                Charms                       2
   d - Spectral Weapon                Hexes/Charms                 3
   e - Regeneration                   Charms/Necromancy            3
Comestibles
 c - 12 bread rations
 i - 5 meat rations
 A - 6 fruits
 B - a slice of pizza
 J - 7 beef jerkies
 Y - a royal jelly


   Skills:
 * Level 7.7 Fighting
 + Level 4.6 Long Blades
 + Level 5.3 Dodging
 - Level 2.1 Stealth
 * Level 9.0 Spellcasting
 * Level 8.7 Conjurations
 * Level 8.5 Fire Magic
 + Level 3.9 Invocations


You had 13 spell levels left.
You knew the following spells:

 Your Spells              Type           Power        Failure   Level  Hunger
a - Flame Tongue          Conj/Fire      #####        1%          1    None
b - Throw Flame           Conj/Fire      #####.       1%          2    None
c - Conjure Flame         Conj/Fire      #####...     1%          3    None
d - Sticky Flame          Conj/Fire      #####...     3%          4    ##.....
e - Fireball              Conj/Fire      #####.....   12%         5    #####..


Dungeon Overview and Level Annotations

Branches:
Dungeon (9/15)             Temple (1/1) D:6            Lair (1/6) D:9
    Orc: D:9-12

Altars:
Ashenzari
Cheibriados
Dithmenos
Elyvilon
Fedhas
Gozag
Hepliaklqana
Kikubaaqudgha
Makhleb
Nemelex Xobeh
Okawaru
Qazlal
Ru
Sif Muna
Trog
Uskayaw
Vehumet
Xom
Yredelemnul
Zin
The Shining One

Shops:
D:8 [

Annotations:
D:7 Saba's ghost, novice CeHu


Message History

Confirm with . or Enter, or press ? or * to list all spells.
Aiming: Sticky Flame
Press: ? - help, Shift-Dir - straight line, f/p - wolf
Aim: a wolf (lightly wounded)
The sticky flame hits the wolf.
The wolf is heavily wounded.
The wolf is covered in liquid flames!
The wolf burns!
The wolf barely misses you.
You riposte.
You barely miss the wolf.
The wolf is heavily wounded.
The wolf barely misses you.
You riposte.
You hit the wolf but do no damage.
The wolf is heavily wounded.
You feel better.
The wolf burns!
The wolf bites you.
* * * LOW HITPOINT WARNING * * *
Casting: Sticky Flame
Confirm with . or Enter, or press ? or * to list all spells.
Aiming: Flame Tongue
Press: ? - help, Shift-Dir - straight line, f/p - wolf
Aim: a wolf (severely wounded, covered in liquid flames)
The flame tongue misses the wolf.
The wolf burns!
The wolf bites you.
You die...

...# ...........### .###
?............# .#
..#####†##...####. ##
##.##.......# # #P.##.......# #
#...#....#.##...# #
##..#....####.#.## #h##...##
#....# #@##...# #....# #
#.##...#####....## #
#................. ##
................... .#
.................... .#
........#...###..### ## #.#
...####.##.###.## #..# #
##.#.###..####.PP.###.# #..#
###....##....##......##.####..#


You could see a wolf (burning).

Vanquished Creatures
  The ghost of rriegs the Pious, a journeyman HOFi of Zin (D:9)
  Pikel (D:4)
  An elephant (D:9)
  A black mamba (Lair:1)
  A two-headed ogre (D:5)
  A hornet (D:9)
  4 hippogriffs
  A basilisk (Lair:1)
  A water moccasin (D:8)
  2 porcupines (Lair:1)
  5 orc warriors
  3 sky beasts
  3 ice beasts
  A slave (D:5)
  3 ogres
  3 phantoms
  2 centaurs
  5 wolves (Lair:1)
  A crocodile (D:8)
  2 big kobolds (D:8)
  10 bullfrogs
  A wyvern zombie (D:8)
  A gnoll sergeant (D:8)
  4 scorpions
  8 killer bees (D:8)
  4 howler monkeys
  5 crimson imps
  2 gnoll shamans
  2 hounds (D:8)
  7 orc priests
  A centaur skeleton (D:4)
  A bullfrog skeleton (D:4)
  A bullfrog zombie (D:7)
  2 jellies
  4 orc wizards
  2 iguanas
  5 worker ants
  A hound zombie (D:7)
  A hound skeleton (D:7)
  A howler monkey skeleton (D:4)
  11 gnolls
  4 adders
  A shadow imp (D:6)
  3 oozes
  3 adder zombies
  5 worms
  2 dart slugs
  4 leopard geckos
  34 orcs
  9 giant cockroaches
  4 goblins
  A hobgoblin (D:2)
  11 jackals
  4 quokkas
  2 ball pythons
  4 bats
  7 frilled lizards
  A jackal skeleton (D:5)
  15 kobolds
  A leopard gecko skeleton (D:5)
  2 quokka skeletons (D:4)
  7 rats
  A spectral orc (D:4)
241 creatures vanquished.

Vanquished Creatures (others)
  A slave (D:7)
1 creature vanquished.

Grand Total: 242 creatures vanquished

Notes
Turn   | Place    | Note
-------+----------+-------------------------------------------
     0 | D:1      | Kook the High Elf Fire Elementalist began the quest for the Orb.
     0 | D:1      | Reached XP level 1. HP: 11/11 MP: 4/4
   152 | D:1      | Reached XP level 2. HP: 17/17 MP: 2/6
  1171 | D:2      | Reached skill level 3 in Spellcasting
  1171 | D:2      | Reached XP level 3. HP: 13/22 MP: 0/8
  1510 | D:2      | Learned a level 2 spell: Throw Flame
  1514 | D:2      | Learned a level 3 spell: Conjure Flame
  1784 | D:2      | You fall through a shaft!
  1904 | D:2      | Reached skill level 1 in Fighting
  1904 | D:2      | Reached XP level 4. HP: 9/28 MP: 0/10
  2788 | D:2      | Reached XP level 5. HP: 24/34 MP: 5/11
  2963 | D:3      | Learned a level 4 spell: Sticky Flame
  3219 | D:3      | Reached skill level 4 in Spellcasting
  3323 | D:4      | Noticed an ogre
  3331 | D:4      | Killed an ogre
  3331 | D:4      | Reached XP level 6. HP: 41/41 MP: 2/13
  4219 | D:3      | Reached skill level 5 in Spellcasting
  4219 | D:3      | Reached XP level 7. HP: 43/46 MP: 4/15
  4588 | D:4      | Reached skill level 5 in Fire Magic
  5040 | D:4      | Found a basalt altar of Yredelemnul.
  5383 | D:5      | Entered Level 5 of the Dungeon
  5695 | D:5      | Noticed a hand axe
  5695 | D:5      | Noticed a dagger
  5696 | D:5      | Found a hide-covered altar of Uskayaw.
  5698 | D:5      | Noticed Pikel
  5712 | D:5      | Noticed a two-headed ogre
  5720 | D:5      | Killed a two-headed ogre
  5720 | D:5      | Reached skill level 5 in Conjurations
  5720 | D:5      | Reached XP level 8. HP: 54/54 MP: 7/17
  5724 | D:5      | Found a snail-covered altar of Cheibriados.
  5726 | D:5      | Found a shimmering altar of Xom.
  5751 | D:4      | HP: 2/54 [Pikel/whip of flaming (4)]
  5757 | D:4      | Killed Pikel
  5757 | D:4      | Reached skill level 6 in Spellcasting
  6243 | D:5      | Reached skill level 5 in Fighting
  6478 | D:6      | Found a staircase to the Ecumenical Temple.
  6551 | Temple   | Entered the Ecumenical Temple
  6737 | Temple   | Became a worshipper of Sif Muna the Loreminder
  7007 | D:6      | Reached skill level 1 in Invocations
  7093 | D:6      | Reached skill level 7 in Spellcasting
  7093 | D:6      | Reached XP level 9. HP: 56/61 MP: 8/20
  7330 | D:6      | Reached skill level 1 in Long Blades
  7875 | D:7      | Found a radiant altar of Vehumet.
  8125 | D:7      | Reached * piety under Sif Muna
  8276 | D:7      | Found a blossoming altar of Fedhas.
  8493 | D:7      | Found an iron altar of Okawaru.
  8540 | D:7      | Noticed Saba's ghost (novice CeHu)
 10281 | D:8      | Reached ** piety under Sif Muna
 10281 | D:8      | Reached skill level 8 in Spellcasting
 10293 | D:8      | Reached XP level 10. HP: 69/69 MP: 1/23
 10437 | D:8      | Found a burning altar of Makhleb.
 10887 | D:8      | Got a clouded wooden ring
 11790 | D:8      | Found Zaaleh's Armour Emporium.
 11938 | D:8      | Learned a level 5 spell: Fireball
 12434 | D:9      | Noticed rriegs's ghost (journeyman HOFi)
 12436 | D:9      | Noticed an elephant
 12503 | D:9      | Killed rriegs's ghost
 12503 | D:9      | Reached skill level 5 in Dodging
 12913 | D:9      | Identified the ring "Viober" {rCorr rElec rPois rC+ rN+} (You found it on level 8 of the Dungeon)
 12965 | D:9      | Found a staircase to the Lair.
 13008 | D:9      | Killed an elephant
 13326 | Lair:1   | Entered Level 1 of the Lair of Beasts
 13348 | Lair:1   | Noticed a black mamba
 13356 | Lair:1   | Killed a black mamba
 13573 | Lair:1   | Reached skill level 9 in Spellcasting
 13594 | Lair:1   | Reached XP level 11. HP: 76/76 MP: 17/25
 13630 | Lair:1   | Reached *** piety under Sif Muna
 13706 | Lair:1   | Slain by a wolf

Skill      XL: |  1  2  3  4  5  6  7  8  9 10 |
---------------+-------------------------------+-----
Spellcasting   | 3 4 5 7 8 9 |  9.0
Conjurations   | 2 3 4 5 6 7 8 |  8.7
Fighting       | 1 2 3 4 5 6 7 |  7.7
Fire Magic     | 4 5 6 7 8 |  8.5
Invocations    | 1 2 3 |  3.9
Long Blades    | 2 4 |  4.6
Dodging        | 4 5 |  5.3
Stealth        | |  2.1

Action                   |  1- 3 |  4- 6 |  7- 9 | 10-12 || total
-------------------------+-------+-------+-------+-------++-------
Melee: Short sword       |     8 |    22 |    46 |       ||    76
       Falchion          |       |       |   120 |   101 ||   221
 Cast: Flame Tongue      |    68 |    92 |   241 |   163 ||   564
       Throw Flame       |       |     3 |     5 |     3 ||    11
       Conjure Flame     |       |     4 |    19 |    12 ||    35
       Sticky Flame      |       |       |    12 |    17 ||    29
       Fireball          |       |       |       |     2 ||     2
  Use: Potion            |       |     1 |     2 |     2 ||     5
       Scroll            |       |       |    13 |     1 ||    14
  Eat: Chunk             |     3 |     6 |    20 |     9 ||    38
       Fruit             |       |     1 |     1 |     3 ||     5
Armor: Robe              |     5 |    15 |     2 |       ||    22
       Leather armour    |       |       |    80 |    48 ||   128
Dodge: Dodged            |    25 |    33 |   124 |   113 ||   295
       Rpst.: Falchion   |       |       |    41 |    43 ||    84
